 Dungeon Crawl Stone Soup version 0.25-a0-663-gace7076 (webtiles) character file.

Game seed: 7267250571181327968, levelgen mode: deterministic

84 Lindan9 the Charmwright (level 4, -2/38 HPs)
             Began as a Gnoll Skald on Mar 25, 2020.
             Killed from afar by a white imp (9 damage)
             ... with a puff of frost
             ... summoned by Natasha
             ... on level 2 of the Dungeon.
             The game lasted 00:09:22 (1099 turns).

Lindan9 the Charmwright (Gnoll Skald)               Turns: 1099, Time: 00:09:23

Health: -2/38      AC:  5    Str: 14    XL:     4   Next: 46%
Magic:  11/11      EV: 13    Int: 16    God:
Gold:   93         SH:  0    Dex: 14    Spells: 12/13 levels left

rFire    . . .     SeeInvis .   a - +0 spear
rCold    . . .     Gourm    .   (no shield)
rNeg     . . .     Faith    .   d - +0 ring mail
rPois    .         Spirit   .   (no helmet)
rElec    .         Reflect  .   (no cloak)
rCorr    .         Harm     .   (no gloves)
MR       .....                  (no boots)
Stlth    +.........             (no amulet)
HPRegen  0.12/turn              (no ring)
MPRegen  0.12/turn              (no ring)

@: no status effects
A: distributed training, fangs 1, strong nose
a: no special abilities


You were on level 2 of the Dungeon.
You were not hungry.

You visited 1 branch of the dungeon, and saw 2 of its levels.

You collected 93 gold pieces.

Inventory:

Hand Weapons
 a - a +0 spear (weapon)
Missiles
 f - 72 stones (quivered)
Armour
 b - a +0 leather armour
 d - a +0 ring mail (worn)
Scrolls
 c - a scroll of identify
 e - a scroll of fear
 h - a scroll of noise
 i - a scroll of enchant weapon
Potions
 g - a potion of curing
 j - a potion of flight


   Skills:
 + Level 4.6 Fighting
 + Level 1.1 Short Blades
 + Level 1.1 Long Blades
 + Level 1.1 Axes
 + Level 1.1 Maces & Flails
 + Level 4.6 Polearms
 + Level 1.1 Staves
 + Level 1.1 Slings
 + Level 1.1 Bows
 + Level 1.1 Crossbows
 + Level 1.1 Throwing
 + Level 2.7 Armour
 + Level 4.6 Dodging
 + Level 1.1 Stealth
 + Level 1.1 Shields
 + Level 1.1 Unarmed Combat
 + Level 5.1 Spellcasting
 + Level 0.9 Conjurations
 + Level 0.9 Hexes
 + Level 5.4 Charms
 + Level 0.9 Summonings
 + Level 0.9 Necromancy
 + Level 0.9 Translocations
 + Level 0.9 Transmutations
 + Level 0.9 Fire Magic
 + Level 0.9 Ice Magic
 + Level 0.9 Air Magic
 + Level 0.9 Earth Magic
 + Level 0.9 Poison Magic
 + Level 1.2 Invocations
 + Level 1.1 Evocations


You had 12 spell levels left.
You knew the following spells:

 Your Spells              Type           Power        Failure   Level  Hunger
a - Infusion              Chrm           ###.         3%          1    None

Your spell library contained the following spells:

 Spells                   Type           Power        Failure   Level  Hunger
 Song of Slaying          Chrm           ###.....     4%          2    #......
 Shroud of Golubria       Chrm/Tloc      ##....       12%         2    #......
 Ozocubu's Armour         Chrm/Ice       ##......     24%         3    ###....
 Spectral Weapon          Hex/Chrm       ##......     24%         3    ###....


Dungeon Overview and Level Annotations

Branches:
Dungeon (2/15)

Altars:
Kikubaaqudgha

Annotations:
D:2 Natasha


Innate Abilities, Weirdness & Mutations

Your experience applies equally to all skills.
You have very sharp teeth.
Your uncanny sense of smell can sniff out nearby items.


Message History

The hobgoblin hits you.
You hit the white imp but do no damage.
The white imp is lightly wounded.
The white imp closely misses you. The hobgoblin closely misses you.
Natasha wildly gestures.
Natasha shimmers violently.
The hobgoblin closely misses you.
You hit the hobgoblin but do no damage.
The hobgoblin is severely wounded.
The white imp gestures at you. The puff of frost hits you.
* * * LOW HITPOINT WARNING * * *
The hobgoblin hits you but does no damage.
The hobgoblin hits you.
* * * LOW HITPOINT WARNING * * *
You hit the hobgoblin.
You kill the hobgoblin!
The white imp gestures at you. The puff of frost hits you!
You die...

#...#.#..........<...#
###.# #..............# ..
# #.# ##......##.##### ...
# #.# .............###..>
# #.####....##.#.....#.##.
# #.####.#####...#[#......
# #.##.......)<#.#.#......
###.##.......).#)#g.......
†...##.........#@55....?..
.#####.........##gh.......
.# #.........##...?.....
.# #.........##.........
## #.........##.....$...
#.........##.........
#.........##......###
#######.####.......


You could see Natasha, a white imp, a shadow imp, a hobgoblin and a goblin.

Vanquished Creatures
  Natasha (D:2)
  An adder (D:2)
  An ooze (D:2)
  2 worms (D:2)
  3 giant cockroaches (D:1)
  6 goblins
  5 hobgoblins
  3 jackals (D:1)
  5 kobolds
  A quokka (D:2)
  2 bats (D:2)
  4 frilled lizards
  5 rats (D:1)
39 creatures vanquished.

Notes
Turn   | Place    | Note
-------+----------+-------------------------------------------
     0 | D:1      | Lindan9 the Gnoll Skald began the quest for the Orb.
     0 | D:1      | Reached XP level 1. HP: 20/20 MP: 6/6
   177 | D:1      | Reached XP level 2. HP: 26/26 MP: 7/7
   500 | D:1      | Reached XP level 3. HP: 14/31 MP: 9/9
   783 | D:2      | Noticed Natasha
   790 | D:2      | Killed Natasha
   790 | D:2      | Reached skill level 5 in Spellcasting
   790 | D:2      | Reached skill level 1 in Invocations
   824 | D:2      | Reached skill level 1 in Short Blades
   824 | D:2      | Reached skill level 1 in Long Blades
   824 | D:2      | Reached skill level 1 in Axes
   824 | D:2      | Reached skill level 1 in Maces & Flails
   824 | D:2      | Reached skill level 1 in Staves
   824 | D:2      | Reached skill level 1 in Slings
   824 | D:2      | Reached skill level 1 in Bows
   824 | D:2      | Reached skill level 1 in Crossbows
   824 | D:2      | Reached skill level 1 in Throwing
   824 | D:2      | Reached skill level 1 in Stealth
   824 | D:2      | Reached skill level 1 in Shields
   824 | D:2      | Reached skill level 1 in Unarmed Combat
   824 | D:2      | Reached skill level 1 in Evocations
   856 | D:2      | Reached XP level 4. HP: 34/38 MP: 11/11
   976 | D:2      | Found an ancient bone altar of Kikubaaqudgha.
  1082 | D:2      | Noticed Natasha
  1099 | D:2      | Killed from afar by a white imp

Levels and vault maps discovered:
D:1:      moated_graveyard_arrival, layout_loops_ring, minmay_bisected
D:2:      layout_basic, lemuel_crystal_altar, minmay_tall_x, uniq_natasha

Skill      XL: |  1  2  3 |
---------------+----------+-----
Spellcasting   | 5 |  5.1
Invocations    | 1 |  1.2
Short Blades   | 1 |  1.1
Long Blades    | 1 |  1.1
Axes           | 1 |  1.1
Maces & Flails | 1 |  1.1
Staves         | 1 |  1.1
Slings         | 1 |  1.1
Bows           | 1 |  1.1
Crossbows      | 1 |  1.1
Throwing       | 1 |  1.1
Stealth        | 1 |  1.1
Shields        | 1 |  1.1
Unarmed Combat | 1 |  1.1
Evocations     | 1 |  1.1
Fighting       | |  4.6
Polearms       | |  4.6
Armour         | |  2.7
Dodging        | |  4.6
Conjurations   | |  0.9
Hexes          | |  0.9
Charms         | |  5.4
Summonings     | |  0.9
Necromancy     | |  0.9
Translocations | |  0.9
Transmutations | |  0.9
Fire Magic     | |  0.9
Ice Magic      | |  0.9
Air Magic      | |  0.9
Earth Magic    | |  0.9
Poison Magic   | |  0.9

Action                   |  1- 3 |  4- 6 || total
-------------------------+-------+-------++-------
Melee: Spear             |   108 |    68 ||   176
       Bite              |    10 |     8 ||    18
  Use: Scroll            |     3 |     2 ||     5
 Stab: Sleeping          |     1 |     1 ||     2
  Eat: Ration            |       |     1 ||     1
Armor: Leather armour    |    18 |     5 ||    23
       Ring mail         |       |    10 ||    10
Dodge: Dodged            |    82 |    30 ||   112

Table legend:
 A = Non-vault XP
 B = Vault XP
 C = Vault XP percentage of total XP
 D = Non-vault monster count
 E = Vault monster count
 F = Vault count percentage of total count
                 A         B        C        D         E       F
            +---------+---------+-------+---------+---------+-------
      Total |      63 |      58 |  47.9 |      31 |       8 |  20.5
            +---------+---------+-------+---------+---------+-------
        D:1 |      32 |       4 |  11.1 |      19 |       3 |  13.6
        D:2 |      31 |      54 |  63.5 |      12 |       5 |  29.4
            +---------+---------+-------+---------+---------+-------
